Cogmind - Beta 9.4 @@@ ROGUE MODE // 2020.01.26 @ 19:45:24 // Winter2019/RPGLIKE Player: Nalzok Result: Destroyed by L-31 Rogue with Katana Performance ------------- Evolutions (1) 500 Regions Visited (3) 600 Robots Destroyed (28) 140 Value Destroyed (700) 700 Prototype IDs (2) 40 Alien Tech Used (0) 0 Bonus (0) 0 TOTAL SCORE: 1980 Bonus ------- None Cogmind --------- Core Integrity 0/600 Matter 294/300 Energy 125/125 System Corruption 0% Temperature Cool (0) Movement Walking (120) Location -9/Mines Parts ------- > --- POWER (1) -------- Light Ion Engine > --- PROPULSION (1) --- Carbon-fiber Leg > --- UTILITY (1) ------ Hacking Suite > --- WEAPON (1) ------- Improved Light Cannon > --- INVENTORY (0) ---- (None) Peak State ------------ > --- POWER ------------ Light Ion Engine > --- PROPULSION ------- Carbon-fiber Leg > --- UTILITY ---------- Hacking Suite > --- WEAPON ----------- Improved Light Cannon > --- INVENTORY -------- (None) [Rating: 9] Favorites ----------- Power Light Ion Engine Engine Light Ion Engine Propulsion Aluminum Leg Leg Aluminum Leg Utility Hacking Suite Hackware Hacking Suite Weapon Heavy Assault Rifle Ballistic Gun Heavy Assault Rifle Ballistic Cannon Improved Light Cannon Build | -11 -10 -9 -9 ------- Run | Scr Mat Mat Min Slots Evolved . | . . . . Power . | . . . . Propulsion . | . . . . Utility . | . . . . Weapon . | . . . . Parts Attached 10 | . 1 3 6 Power 5 | . . 1 4 Engine 5 | . . 1 4 Core . | . . . . Reactor . | . . . . Propulsion 1 | . . . 1 Treads . | . . . . Leg 1 | . . . 1 Wheel . | . . . . Hover . | . . . . Flight . | . . . . Utility 1 | . 1 . . Device . | . . . . Storage . | . . . . Processor . | . . . . Hackware 1 | . 1 . . Protection . | . . . . Artifact . | . . . . Weapon 3 | . . 2 1 Energy Gun . | . . . . Energy Cannon . | . . . . Ballistic Gun 2 | . . 2 . Ballistic Cannon 1 | . . . 1 Launcher . | . . . . Special Weapon . | . . . . Impact Weapon . | . . . . Slashing Weapon . | . . . . Piercing Weapon . | . . . . Special Melee Weapon . | . . . . Unidentified Prototypes . | . . . . Parts Lost . | . . . . Power . | . . . . Propulsion . | . . . . Utility . | . . . . Weapon . | . . . . Highest Loss Streak . | . . . . Average Slot Usage (%) 95 | . 80 100 100 Engine 25 | . 25 25 25 Leg 25 | . 25 25 25 Hackware 20 | . 5 25 25 Ballistic Gun 18 | . 25 25 14 Ballistic Cannon 6 | . . . 10 Naked Turns . | . . . . Heaviest Build 7 | 5 5 6 7 Greatest Support 15 | 10 10 10 15 Greatest Overweight (x) . | . . . . Average Overweight (x) . | . . . . Largest Inventory Capacity . | . . . . Average Capacity . | . . . . Most Carried . | . . . . Average Carried . | . . . . Final Capacity . | . . . . Final Carried . | . . . . Class Distribution -------------------- 100% | Mutant Dominant Class ---------------- Mutant | -10/Materials Mutant | -9/Materials Mutant | -9/Mines Resources | -11 -10 -9 -9 ----------- Run | Scr Mat Mat Min Matter Collected 770 | 200 154 71 345 Remotely . | . . . . Salvage Created 760 | . 336 123 301 Parts 54 | . 20 11 23 Haulers Intercepted . | . . . . Recyclers Shooed 2 | . 1 1 . Parts Field Recycled . | . . . . Retrieved Matter . | . . . . Parts Self-Destructed . | . . . . Prevented . | . . . . Kills | -11 -10 -9 -9 ------- Run | Scr Mat Mat Min Combat Hostiles Destroyed 23 | . 6 4 13 Guns 20 | . 6 4 10 Cannons 3 | . . . 3 Classes Destroyed 7 | . 4 2 1 Builder 1 | . . . 1 Recycler 2 | . 1 . 1 Operator 1 | . 1 . . Watcher 1 | . 1 . . Swarmer 11 | . . 3 8 Grunt 11 | . 6 . 5 Sentry 1 | . . 1 . Best Kill Streak 6 | . 6 4 3 Combat Bots Only 4 | . 4 4 3 Max Kills in Single Turn 1 | . 1 1 1 Gunslinging . | . . . . Exploded . | . . . . Melee . | . . . . Uniques/NPCs Destroyed . | . . . . Combat | -11 -10 -9 -9 -------- Run | Scr Mat Mat Min Damage Taken 1317 | . 264 176 877 Core 1108 | . 213 149 746 Absorbed by Shields . | . . . . Redirected to Core 660 | . 172 80 408 Core Remaining (%) 100 | 100 100 . . Volleys Fired 151 | . 48 17 86 Largest 1 | . 1 1 1 Hottest 39 | . 20 20 39 Shots Fired 151 | . 48 17 86 Gun 128 | . 48 17 63 Cannon 23 | . . . 23 Launcher . | . . . . Special . | . . . . Kinetic 151 | . 48 17 86 Thermal . | . . . . Explosive . | . . . . Electromagnetic . | . . . . Robot Hit Streak 15 | . 15 4 9 Robot Miss Streak 8 | . 4 2 8 Penetration Max . | . . . . Secondary Targets . | . . . . Shots Hit Robots 86 | . 33 11 42 Core Hits 42 | . 19 6 17 Critical Hits 2 | . 1 . 1 Critical Kills 2 | . 1 . 1 Critical Parts Destroyed . | . . . . Melee Attacks . | . . . . Impact . | . . . . Slashing . | . . . . Piercing . | . . . . Sneak Attacks . | . . . . Combat Hostiles . | . . . . Follow-up Attacks . | . . . . Damage Inflicted 1522 | . 454 134 934 Guns 1062 | . 454 134 474 Cannons 274 | . . . 274 Explosions 186 | . . . 186 Melee . | . . . . Ramming . | . . . . Kinetic 1336 | . 454 134 748 Thermal 186 | . . . 186 Explosive . | . . . . Electromagnetic . | . . . . Impact . | . . . . Slashing . | . . . . Piercing . | . . . . Highest Corruption . | . . . . Average Corruption . | . . . . Corruption Purged . | . . . . Overload Shots . | . . . . Overflow Damage 9 | . . . 9 Projectiles . | . . . . Explosions 9 | . . . 9 Melee . | . . . . Knockbacks 3 | . . . 3 Impact . | . . . . Kinetic 3 | . . . 3 Secondary . | . . . . Self-Inflicted Damage 25 | . . . 25 Shots 1 | . . . 1 Rammed . | . . . . Targets Rammed . | . . . . Kicked . | . . . . Crushed . | . . . . Highest Temperature 28 | . . . 28 Average Temperature 16 | . . . 16 Received Heat Transfer 288 | . 156 9 123 Siege Activations . | . . . . Robots Corrupted . | . . . . Combat Hostiles . | . . . . Parts Fried . | . . . . Impact Corruptions . | . . . . Robots Melted . | . . . . Combat Hostiles . | . . . . Parts Melted . | . . . . Heat Transferred 250 | . . . 250 Parts Sabotaged . | . . . . Parts Stolen . | . . . . Parts Stripped . | . . . . Power Chain Reactions . | . . . . Missiles Intercepted . | . . . . Alert | -11 -10 -9 -9 ------- Run | Scr Mat Mat Min Peak Influence 360 | . 182 180 360 Average Influence 179 | . 82 124 228 Maximum Alert Level 1 | . . . 1 Low Security (%) 59 | 100 100 100 34 Level 1 40 | . . . 65 Level 2 . | . . . . Level 3 . | . . . . Level 4 . | . . . . Level 5 . | . . . . High Security . | . . . . Max Security . | . . . . Squads Dispatched 1 | . 1 . . Investigation . | . . . . Extermination . | . . . . Reinforcement 1 | . 1 . . Assault . | . . . . Garrison . | . . . . Intercept . | . . . . Construction Impeded . | . . . . Haulers Reinforced . | . . . . Stealth | -11 -10 -9 -9 --------- Run | Scr Mat Mat Min Distress Signals 1 | . 1 . . Communications Jammed . | . . . . Distress Signals . | . . . . Times Spotted 30 | . 10 4 16 Peak Tracking Total 5 | . 4 5 4 Tactical Retreats 1 | . . 1 . Traps | -11 -10 -9 -9 ------- Run | Scr Mat Mat Min Traps Triggered . | . . . . Indirectly . | . . . . Trap Hack Attempts . | . . . . Triggered . | . . . . Disarmed . | . . . . Reprogrammed . | . . . . Reused . | . . . . Traps Extracted . | . . . . Installed . | . . . . Triggered . | . . . . Machines | -11 -10 -9 -9 ---------- Run | Scr Mat Mat Min Machines Disabled 7 | . . . 7 Max in Single Turn 6 | . . . 6 Machines Sabotaged . | . . . . Garrisons Compromised . | . . . . Overloaded Fab Kills . | . . . . Fab Network Shutdowns . | . . . . Hacking | -11 -10 -9 -9 --------- Run | Scr Mat Mat Min Machines Accessed 2 | . . 2 . Terminals 2 | . . 2 . Fabricators . | . . . . Repair Stations . | . . . . Recycling Units . | . . . . Scanalyzers . | . . . . Garrison Access . | . . . . Total Hacks 3 | . . 3 . Successful 2 | . . 2 . Failed 1 | . . 1 . Catastrophic . | . . . . Database Lockouts . | . . . . Manual . | . . . . Terminals 3 | . . 3 . Fabricators . | . . . . Repair Stations . | . . . . Recycling Units . | . . . . Scanalyzers . | . . . . Garrison Access . | . . . . Terminal Hacks 2 | . . 2 . Prototype ID Bank 1 | . . 1 . Locate Traps 1 | . . 1 . Fabricator Hacks . | . . . . Repair Station Hacks . | . . . . Recycling Unit Hacks . | . . . . Scanalyzer . | . . . . Garrison Access Hacks . | . . . . Unauthorized Hacks . | . . . . Terminals . | . . . . Fabricators . | . . . . Repair Stations . | . . . . Recycling Units . | . . . . Scanalyzers . | . . . . Garrison Access . | . . . . Data Cores Recovered . | . . . . Used . | . . . . Hacking Detections . | . . . . Full Trace Events . | . . . . Feedback Events . | . . . . Feedback Blocked . | . . . . Robot Schematics Acquired . | . . . . Robots Built . | . . . . Matter . | . . . . Time . | . . . . Total Robot Build Rating . | . . . . Part Schematics Acquired . | . . . . Parts Built . | . . . . Matter . | . . . . Time . | . . . . Total Part Build Rating . | . . . . Parts Repaired . | . . . . Time . | . . . . Parts Recycled . | . . . . Recycled Matter . | . . . . Retrieved Matter . | . . . . Retrieved Components . | . . . . Parts Scanalyzed . | . . . . Part Schematics Acquired . | . . . . Parts Damaged . | . . . . Bothacking | -11 -10 -9 -9 ------------ Run | Scr Mat Mat Min Used RIF Installer . | . . . . Robots Hacked . | . . . . Non-combat . | . . . . Combat . | . . . . Robot Hacks Applied . | . . . . Relay Couplers Released . | . . . . Robots Rewired . | . . . . Allies Hacked . | . . . . Hacks Repelled . | . . . . Allies | -11 -10 -9 -9 -------- Run | Scr Mat Mat Min Total Allies . | . . . . Largest Group . | . . . . Highest-Rated Group . | . . . . Highest-Rated Ally . | . . . . Total Orders . | . . . . Ally Attacks . | . . . . Total Damage . | . . . . Kills . | . . . . Allies Corrupted . | . . . . Allies Melted . | . . . . Intel | -11 -10 -9 -9 ------- Run | Scr Mat Mat Min Robot Analysis Total . | . . . . Derelict Logs Recovered 2 | . . . 2 Drone Launches . | . . . . Drone Recoveries . | . . . . Exploration | -11 -10 -9 -9 ------------- Run | Scr Mat Mat Min Turns Passed 1273 | 4 281 203 785 Spaces Moved 759 | 4 128 134 493 Core . | . . . . Treads . | . . . . Legs 759 | 4 128 134 493 Wheels . | . . . . Hover . | . . . . Flight . | . . . . Fastest Speed 120 | 120 120 120 120 Average Speed 120 | 120 120 120 120 Slowest Speed 120 | 120 120 120 120 Overloaded Moves . | . . . . Propulsion Burnouts . | . . . . Robots Hopped . | . . . . Cave-ins Triggered . | . . . . Exploration Rate (%) 33 | 2 19 19 94 Regions Visited 3 Branch Regions 1 Pre-discovered Areas 2 | . . . 2 Known Exits Taken . | . . . . Unknown Exits Taken 3 | 1 1 1 . Scrap Searched 3 | . . . 3 Spaces Dug . | . . . . Terrain Destroyed 19 | . . . 19 Melee . | . . . . Projectile . | . . . . AOE 19 | . . . 19 Actions | -11 -10 -9 -9 --------- Run | Scr Mat Mat Min Total 973 | 3 207 160 603 Wait 21 | . 19 2 . Move 756 | 3 127 133 493 Hop . | . . . . Pick Up . | . . . . Fast Attach 3 | . 1 1 1 Attach . | . . . . Detach . | . . . . Swap 7 | . . 2 5 Drop 9 | . . 3 6 Fire 151 | . 48 17 86 Melee . | . . . . Ram . | . . . . Kick . | . . . . Crush . | . . . . Escape Stasis . | . . . . Rewire . | . . . . Trap . | . . . . Miscellaneous 26 | . 12 2 12 Route ------- -11/Scrapyard -10/Materials -9/Materials -9/Mines (discovered 2 exits: [*Mat x2]) History --------- Turn | Location | Event 1 | -11/Scrapyard | Discovered new exit (range 1) 5 | -11/Scrapyard | Entered Materials 264 | -10/Materials | Discovered new exit (range 14) 286 | -10/Materials | Entered another Materials area 288 | -9/Materials | Reached level 2 302 | -9/Materials | Build established: Mutant 476 | -9/Materials | Discovered new exit (range 12) 489 | -9/Materials | Entered Mines 491 | -9/Mines | Reached level 3 504 | -9/Mines | Met a Derelict bent on vengeance 509 | -9/Mines | Discovered new exit (range 11) 600 | -9/Mines | Discovered new exit (range 12) 720 | -9/Mines | Core integrity fell below 50% 768 | -9/Mines | Reached level 4 936 | -9/Mines | Core integrity fell below 20% 1251 | -9/Mines | Learned location of Zion (-6) 1274 | -9/Mines | Destroyed by L-31 Rogue with Katana Last Messages --------------- 01081_ G-47 Trooper destroyed. 01083_ G-34 Mercenary knocked back. 01091_ G-34 Mercenary suffers critical hit. 01091_ G-34 Mercenary destroyed. 01095_ Acquired 32 matter. 01149_ Acquired derelict log, extracted data. World map updated: -8/Materials. 01169_ Searching scrap... 01169_ Found 45 Matter. 01169_ Found 29 Matter. 01169_ Found Aluminum Leg. 01251_ Acquired derelict log, extracted data. World map updated: -6/Zion. 01261_ R-06 Scavenger destroyed. 01267_ U-05 Engineer destroyed. 01269_ Acquired 16 matter. 01271_ K-01 Serf collects debris. 01271_ L-31 Rogue knocked back. 01272_ Acquired 2 matter. 01272_ K-01 Serf collects debris. Map ----- +----------------------------------------------------+ | ### [% #### #?????????? ##???????# #? | | ??## = #??????????##????????# < #? | | ######## #????????????????????# #? | | #????## ##### #????????????????????# #? | | #?????## ##???# #????????????????????#### ###? | | " #??????####????# #???????????????????????# #??? | | #??????????????# #???????????????????????# #??? | | = #?????????????## ##??????????????????????# #??? | | [#????????????## ##?????????????????????#% #??? | | #????????????# #?????????????????????# %#??? | | #????????????# #####?????????????????# #??? | | ##????????????## ##???????????###### #??? | | [#??????????????## #????????#### #??? | | !#???????????????# ### #???????## # #??? | | ##???????????????# #??####???????# # ######??? | | ?####????????????# #????????????## # #???????? | | ## ????????????# #?????????#### # #???????? | | #???????????# #######??## #???????? | | ##?????####?# #??# ## #???????? | | ####### ### #??# ##### #???????? | | ## ######## #??## ###### #???????? | | [ ! == #???###?# $ #???????? | | [%= #???????# ### #???????? | | ! !#=####???????# #?# #???????? | | # ##g##########?# #?# ##??????? | | ?# / ## l@k #?# #?# ##?????? | | ??# #####!##### #?# ### ##????? | | ??# #????# #???# ### ##???? | | ??# ###????# #???# ## """" ##??? | | ### ### ##??????# #???# ## """" ##?? | | ##?## ##??????# #???# ## """" #?? | | #### #???## #??????# #???# #?? | | ???## ##????# #??????# #???## ## #?? | | ????####?????# #?????## ##???# #### #?? | | ?????????????# ##????# #???# #??## ##?? | | ?????????????## ###??##k ##??# #???## #??? | | ??????????????## ##### #??# #????##### ##??? | | ???????????????# #### #####?????###???? | | ???????????????# ## #???????????? | | ???????????????# ### ## #???????????? | | ??????????????# #?## ### #???????????? | | ?????????????# #??#####?# #???????????? | | ?????????????# #????????# < #???????????? | | ?????????????## ##????????# #???????????? | | ??????????????######?????????#########???????????? | | ?????????????????????????????????????????????????? | | ?????????????????????????????????????????????????? | | | | | | | +----------------------------------------------------+ Best States ------------- Heat Dissipation 25 Energy Generation 10 Energy Capacity 125 Matter Stores 300 Matter Capacity 300 Sight Range 16 Terrain Scan Density 10 Evasion (%) 40 Offensive Hacking 10 Item Schematics ----------------- None Robot Schematics ------------------ None Fabricated ------------ Nothing Alien Tech Used ----------------- None Achievements -------------- None Challenges ------------ None RPGLIKE | -11 -10 -9 -9 --------- Run | Scr Mat Mat Min Levels Raised 3 | . . 1 2 XP Earned 8310 | 3000 785 2000 2525 Upgrades . | . . . . Protomatter Created 202 | . 122 15 65 Integrity Restored 537 | . 264 45 228 Core 486 | . 213 45 228 Parts 51 | . 51 . . Protomatter Decayed . | . . . . Game ------ Seed SniperTargetShredder Manual? 0 Play Time 00:11:21 Cumulative 206.1 hours Start 2020.01.26 @ 19:37:06 End 2020.01.26 @ 19:45:24 Sessions 1 Manual Loads 0 Difficulty Rogue Special Mode Winter2019/RPGLIKE Game No. 333 Rogue 332 Adventurer 0 Explorer 1 Win Type - Total 1 Types 1/0/0/0/0/0/0 Lore% 60 Gallery% 76 Achievement% 48 Wizard Run 0 Options --------- ASCII 1 Keyboard 1 Movement Vi Keybinds 0 Fullscreen 1 Font 14/Cog Map View 72x52 Tactical HUD 1 Map Filters NONE Filters LOW_CONTRAST(13,24,33) Steam 0 RUN: 896a9e22-f345-4a61-87f5-ee21ee0c5f3b